Map: Ancient Cistern LE

Players

CarlJohnson - Winner!

  • Race: Protoss Protoss
  • Spawn Location: 1:00

VOD

Have the link to the VOD?

Description

Time

  • Played on: Jan. 29, 2023, 9:04 a.m.
  • Length: 9:48
Show
View Real Time Build Order
Export as new Build Order

CarlJohnson Protoss - Winner!

Build Orders: 1 Gate Expand, Oracle Opening, Archon Immortal 

Get SALT Encoding   

  12  0:03  Probe  
  12  0:15  Probe  
  12  0:22  Pylon  
  12  0:27  Probe  
  12  0:40  Probe (Chrono Boost)  
  12  0:42  Gateway  
  12  0:50  Assimilator  
  12  0:51  Probe (Chrono Boost)  
  12  0:56  Probe (Chrono Boost)  
  12  1:06  Probe  
  12  1:18  Probe  
  12  1:26  Nexus  
  12  1:37  Cybernetics Core  
  12  1:42  Probe  
  12  1:47  Assimilator  
  12  1:51  Pylon  
  12  1:55  Probe (Chrono Boost)  
  12  2:05  Probe (Chrono Boost)  
  12  2:10  Probe (Chrono Boost)  
  12  2:11  Adept (Chrono Boost)  
  12  2:21  Probe  
  12  2:25  Stargate  
  12  2:33  Probe, Adept  
  12  2:39  Warp Gate  
  12  2:41  Probe (Chrono Boost)  
  12  2:45  Probe (Chrono Boost)  
  12  2:54  Probe (Chrono Boost)  
  12  2:55  Probe (Chrono Boost)  
  12  2:59  Probe (Chrono Boost)  
  12  3:03  Probe  
  12  3:07  Oracle (Chrono Boost)  
  12  3:11  Probe  
  12  3:15  Probe  
  12  3:20  Gateway  
  12  3:24  Probe  
  12  3:27  Probe  
  12  3:28  Pylon  
  12  3:36  Probe  
  12  3:39  Probe  
  12  3:46  Nexus  
  12  3:47  Pylon  
  12  3:49  Probe  
  12  3:52  Probe, Oracle (Chrono Boost)  
  12  4:01  Probe  
  12  4:02  Assimilator  
  12  4:05  Assimilator  
  12  4:08  Probe  
  12  4:13  Shield Battery, Probe  
  12  4:17  Twilight Council  
  12  4:18  Forge  
  12  4:23  Probe (Chrono Boost)  
  12  4:26  Probe (Chrono Boost)  
  12  4:31  Pylon  
  12  4:37  Probe (Chrono Boost)  
  12  4:38  Probe (Chrono Boost)  
  12  4:41  Protoss Ground Weapons Level 1, Probe (Chrono Boost)  
  12  4:42  Gateway  
  12  4:45  Gateway, Probe  
  12  4:52  Probe  
  12  4:55  Pylon  
  12  4:56  Sentry x2  
  12  4:57  Charge (Chrono Boost), Probe  
  12  5:04  Probe  
  12  5:07  Probe  
  12  5:09  Probe  
  12  5:15  Robotics Facility  
  12  5:16  Probe  
  12  5:21  Gateway  
  12  5:23  Gateway, Probe  
  12  5:25  Probe  
  12  5:28  Probe (Chrono Boost)  
  12  5:29  Pylon  
  12  5:34  Zealot x2  
  12  5:35  Probe (Chrono Boost)  
  12  5:38  Pylon  
  12  5:41  Probe (Chrono Boost)  
  12  5:43  Assimilator  
  12  5:46  Probe (Chrono Boost)  
  12  5:47  Assimilator, Templar Archives  
  12  5:49  Probe (Chrono Boost)  
  12  5:53  Probe x2 (Chrono Boost)  
  12  5:54  Probe  
  12  5:57  Pylon  
  12  6:03  Probe  
  12  6:04  Immortal (Chrono Boost), Probe  
  12  6:07  Probe  
  12  6:10  Zealot  
  12  6:13  Pylon  
  12  6:15  Probe  
  12  6:17  Probe  
  12  6:19  Probe  
  12  6:30  Psionic Storm  
  12  6:31  Gateway  
  12  6:32  High Templar  
  12  6:33  High Templar x3  
  12  6:34  Gateway  
  12  6:36  Pylon  
  12  6:41  Protoss Ground Weapons Level 2 (Chrono Boost)  
  12  6:43  Nexus  
  12  6:46  Pylon  
  12  6:51  Zealot x2  
  12  6:52  Archon  
  12  6:53  Immortal (Chrono Boost)  
  12  7:03  Gateway  
  12  7:11  Gateway  
  12  7:14  Gateway  
  12  7:17  Gateway  
  12  7:21  High Templar x2  
  12  7:24  Pylon  
  12  7:29  Shield Battery  
  12  7:31  Pylon  
  12  7:33  Gateway  
  12  7:34  Pylon  
  12  7:35  Gateway  
  12  7:36  Observer (Chrono Boost)  
  12  7:37  Gateway  
  12  7:39  Zealot x2  
  12  7:40  Pylon, Zealot  
  12  7:45  Zealot  
  12  7:46  Zealot  
  12  7:48  Zealot  
  12  7:53  Immortal (Chrono Boost)  
  12  7:58  High Templar x3  
  12  8:03  Pylon  
  12  8:04  Pylon, Zealot  
  12  8:12  Pylon x2  
  12  8:13  Zealot x2  
  12  8:14  High Templar x2  
  12  8:23  Archon  
  12  8:24  Archon, Warp Prism (Chrono Boost)  
  12  8:29  Zealot x4  
  12  8:37  Zealot x4  
  12  8:46  High Templar  
  12  8:47  High Templar x4  
  12  8:54  Archon x2, Pylon  
  12  8:56  Zealot x5  
  12  9:06  Immortal (Chrono Boost)  
  12  9:27  Zealot  
  12  9:28  Zealot x4  
Tags
 
Add a new tag
Caveats
  • Supply blocks, unpowered buildings, or Contaminate may cause inaccurate times.
  • Supply counts are checked every 10 seconds.